Workbook
Name \0: #REF!
Name \0: #REF!
Name \0: #REF!
Name \0: #REF!
Name \0: #REF!
Name \0: #REF!
Name \0: #REF!
Name \00: #REF!
Name \00: #REF!
Name \00: #REF!
Name \00: #REF!
Name \00: #REF!
Name \00: #REF!
Name \00: #REF!
Name \a: #REF!
Name \a: #REF!
Name \a: #REF!
Name \a: #REF!
Name \a: #REF!
Name \AA: [1]LIQUIDACION!#REF!
Name \AA: [1]LIQUIDACION!#REF!
Name \b: [2]STRSUMM0!#REF!
Name \b: [2]STRSUMM0!#REF!
Name \bb: [2]STRSUMM0!#REF!
Name \bb: [2]STRSUMM0!#REF!
Name \E: #REF!
Name \E: #REF!
Name \E: #REF!
Name \E: #REF!
Name \E: #REF!
Name \E: #REF!
Name \E: #REF!
Name \EE: #REF!
Name \EE: #REF!
Name \EE: #REF!
Name \EE: #REF!
Name \EE: #REF!
Name \EE: #REF!
Name \EE: #REF!
Name \G: #REF!
Name \G: #REF!
Name \G: #REF!
Name \G: #REF!
Name \G: #REF!
Name \G: #REF!
Name \k: '[3]7422CW00'!#REF!
Name \k: '[3]7422CW00'!#REF!
Name \k: '[3]7422CW00'!#REF!
Name \k: '[3]7422CW00'!#REF!
Name \k: '[3]7422CW00'!#REF!
Name \k: '[3]7422CW00'!#REF!
Name \l: [4]STRSUMM0!#REF!
Name \l: [4]STRSUMM0!#REF!
Name \l: [4]STRSUMM0!#REF!
Name \l: [4]STRSUMM0!#REF!
Name \l: [4]STRSUMM0!#REF!
Name \l: [4]STRSUMM0!#REF!
Name \M: #REF!
Name \M: #REF!
Name \M: #REF!

Sheet PRESUPUESTO OFICIAL (Entidad)
B1: Formulario 1 - Propuesta económica - Documento tipo de mínima cuantía de obra pública de infraestructura social
B2: Versión: 1 de 21 de agosto de 2025
C5: FORMULARIO 1
C6: PRESUPUESTO OFICIAL
C7: [La Entidad puede utilizar este formulario de detalle del presupuesto oficial para determinar las condiciones bajo las cuales los Proponentes analizarán y presentarán su propuesta económica de forma detallada, sin perjuicio que la Entidad pueda modificarlo o establecer la presentación de la oferta económica con un formulario distinto al indicado.] [El presente Formulario aplica para los Procesos de Contratación que tengan como forma de pago precios unitarios. Tratándose de otras modalidades de pago, la Entidad debe ajustarlo cuando corresponde a: precio global, llave en mano, administración delegada, reembolso de gastos o cualquier otra forma de pago.]
C9: Adicionalmente, cuando el proceso de contratación es estructurado por precios unitarios, la Entidad debe aplicar las notas 1, 2 y 3 del presente formulario y las casillas de "Descripción", "Porcentaje" de la Administración, Imprevisto, Utilidad y total A.I.U. resaltadas en color amarillo. Tratándose de otras modalidades de precio, la Entidad puede o no configurar los mismos aspectos.
C10: ADECUACIONES Y OBRAS VARIAS EN LOS CENTROS DE DESARROLLO INFANTIL ORO NEGRO, BOSQUES DE SAN LUIS Y SONRISAS DE COLORES
C11: CENTRO DE DESARROLLO INFANTIL ORO NEGRO
C12: Nº | D12: ÍTEM DE PAGO | E12: ESPECIFICACIONES | G12: DESCRIPCIÓN | H12: UND. | I12: CANTIDAD | J12: VALOR UNITARIO | K12: VALOR TOTAL
E13: GENERAL | F13: PARTICULAR
D14: 1 | G14: MAMPOSTERÍA
D15: 1.1 | G15: Retiro y limpieza de viga por desprendimiento por humedad existente | H15: M2 | I15: ='[23]MEMORIAS DE CÁLCULO'!K12 -> 59.57 | J15: =[23]APUS!O67 -> 6540 | K15: =ROUND(I15*J15,0) -> 389588
D16: 1.2 | G16: Suministro y aplicación de mortero de reparación para relleno para muros en mampostería en áreas afectadas. | H16: GLB | I16: ='[23]MEMORIAS DE CÁLCULO'!K54 -> 1 | J16: =[23]APUS!O161 -> 39170 | K16: =ROUND(I16*J16,0) -> 39170
D17: 1.3 | G17: Reparación de ladrillo Prensado Macizo 24.5x12x5.5cm para zonas afectadas en muro de fachada | H17: M2 | I17: ='[23]MEMORIAS DE CÁLCULO'!K126 -> 0.47 | J17: =[23]APUS!O255 -> 120722 | K17: =ROUND(I17*J17,0) -> 56739
D18: 1.4 | G18: Cargue, retiro, transporte y disposición final de los materiales resultantes de la demolición de placas de concreto y del desbroce mecánico, incluye pago de derechos de disposición y todos los costos necesarios para la correcta ejecución de la actividad. | H18: M2 | I18: ='[23]MEMORIAS DE CÁLCULO'!K169 -> 53.33 | J18: =[23]APUS!O349 -> 24536 | K18: =ROUND(I18*J18,0) -> 1308505
C19: Subtotal | K19: =SUM(K15:K18) -> 1794002
D20: 2 | G20: IMPERMEABILIZACIÓN
D21: 2.1 | G21: Suministro y aplicación de impermeabilizante Sika Monotop - 123 para viga en concreto | H21: M2 | I21: ='[23]MEMORIAS DE CÁLCULO'!K213 -> 59.57 | J21: =[23]APUS!O440 -> 57583 | K21: =ROUND(I21*J21,0) -> 3430219
D22: 2.2 | G22: Suministro y aplicación de impermeabilizante Sika transparente - 7W para muro exterior en mamposteria de ladrillo a la vista | H22: M2 | I22: ='[23]MEMORIAS DE CÁLCULO'!K244 -> 65.91 | J22: =[23]APUS!O531 -> 29624 | K22: =ROUND(I22*J22,0) -> 1952518
D23: 2.3 | G23: Impermeabilización con manto asfaltico Alumanto Texsa 3 mm para canal de concreto lateral a la cubierta de los diferentes bloques | H23: M2 | I23: ='[23]MEMORIAS DE CÁLCULO'!L277 -> 46.64 | J23: =[23]APUS!O622 -> 102688 | K23: =ROUND(I23*J23,0) -> 4789368
C24: Subtotal | K24: =SUM(K21:K23) -> 10172105
D25: 3 | G25: MEJORAMIENTO PLACA PARA TANQUES
D26: 3.1 | G26: Demolicion de placa en concreto reforzado para tanques (Incluye corte, demolición y retiro de acero) | H26: M2 | I26: ='[23]MEMORIAS DE CÁLCULO'!K308 -> 3.46 | J26: =[23]APUS!O702 -> 96601 | K26: =ROUND(I26*J26,0) -> 334239
D27: 3.2 | G27: Construcción placa para tanques en concreto reforzado de 3000 psi, espesor 12cm | H27: M3 | I27: ='[23]MEMORIAS DE CÁLCULO'!K339 -> 0.47 | J27: =[23]APUS!O787 -> 869781 | K27: =ROUND(I27*J27,0) -> 408797
C28: Subtotal | K28: =SUM(K26:K27) -> 743036
D29: 4 | G29: PINTURA Y ACABADOS
D30: 4.1 | G30: Suministro y aplicación de Pintura a 3 manos en Vinilo T1 para viga en concreto | H30: M2 | I30: ='[23]MEMORIAS DE CÁLCULO'!K373 -> 59.57 | J30: =[23]APUS!O872 -> 9819 | K30: =ROUND(I30*J30,0) -> 584918
D31: 4.2 | G31: Suministro y aplicación de anticorrosivo y pintura para ventanas y puertas en estructuras metalicas | H31: M2 | I31: ='[23]MEMORIAS DE CÁLCULO'!K416 -> 35.58 | J31: =[23]APUS!O958 -> 94268 | K31: =ROUND(I31*J31,0) -> 3354055
C32: Subtotal | K32: =SUM(K30:K31) -> 3938973
D33: 5 | G33: ENCHAPES
D34: 5.1 | G34: Suministro e instalación de enchape de pared cerámica Brick blanco mate para cocina | H34: M2 | I34: ='CDI ORO MEMORIAS DE CÁLCULO'!J516 -> 1 | J34: =[23]APUS!O1044 -> 147004 | K34: =ROUND(I34*J34,0) -> 147004
C35: Subtotal | K35: =SUM(K34) -> 147004
D36: 6 | G36: CUBIERTA
D37: 6.1 | G37: Suministro e instalación de Teja arquitect. Azul cal 26 | H37: M2 | I37: ='[23]MEMORIAS DE CÁLCULO'!K546 -> 127.92 | J37: =[23]APUS!O1131 -> 82677 | K37: =ROUND(I37*J37,0) -> 10576042
D38: 6.2 | G38: Suministro e instalación de Canal Raingo Blanca 3 Metros Pavco Wavin | H38: ML | I38: ='[23]MEMORIAS DE CÁLCULO'!K577 -> 24.96 | J38: =[23]APUS!O1218 -> 62986 | K38: =ROUND(I38*J38,0) -> 1572131
D39: 6.3 | G39: Suministro e instalación de Cinta Asfáltica Impermeabilizante Tapa Goteras Texsatape 33cm X 5m para cubierta | H39: ML | I39: ='[23]MEMORIAS DE CÁLCULO'!L610 -> 57.28 | J39: =[23]APUS!O1305 -> 30725 | K39: =ROUND(I39*J39,0) -> 1759928
D40: 6.4 | G40: Desmonte y retiro de Teja plástica traslúcida de fibra de vidrio (PRFV) | H40: M2 | I40: ='[23]MEMORIAS DE CÁLCULO'!K641 -> 127.92 | J40: =[23]APUS!O1392 -> 32963 | K40: =ROUND(I40*J40,0) -> 4216627
C41: Subtotal | K41: =SUM(K37:K40) -> 18124728
D42: 7 | G42: INSTALACIÓN CARPINTERIA METÁLICA Y ALUMINIO
D43: 7.1 | G43: Suministro e instalación para mesón de acero inoxidable de cocina en lamina calibre 18 de acero inoxidable 304 | H43: ML | I43: ='[23]MEMORIAS DE CÁLCULO'!L673 -> 9.2 | J43: =[23]APUS!O1480 -> 924301 | K43: =ROUND(I43*J43,0) -> 8503569
C44: Subtotal | K44: =SUM(K43) -> 8503569
D45: 8 | G45: ADECUACIÓN INSTALACIONES HIDRÁULICAS
D46: 8.1 | G46: Suministro e instalación de Bajante 2' PVC agua sanitaria | H46: ML | I46: ='[23]MEMORIAS DE CÁLCULO'!M722 -> 5.96 | J46: =[23]APUS!O1567 -> 15667 | K46: =ROUND(I46*J46,0) -> 93375
D47: 8.2 | G47: Suministro e instalación de Bajante PVC agua potable 1 1/2" | H47: ML | I47: ='[23]MEMORIAS DE CÁLCULO'!M753 -> 2.48 | J47: =[23]APUS!O1654 -> 8231 | K47: =ROUND(I47*J47,0) -> 20413
C48: Subtotal | K48: =SUM(K46:K47) -> 113788
D49: 9 | G49: ADECUACIÓN INSTALACIONES SANITARIAS
D50: 9.1 | G50: Suministro e instalación de manguera Acople Metal Lvm/Lvp 40 cm 1/2 x 1/2 para lavamanos | H50: UND | I50: ='[23]MEMORIAS DE CÁLCULO'!K784 -> 1 | J50: =[23]APUS!O1740 -> 36771 | K50: =ROUND(I50*J50,0) -> 36771
D51: 9.2 | G51: Suministro e instalación llave de lavadero tipo Llave Jardín Metálica | H51: UND | I51: ='[23]MEMORIAS DE CÁLCULO'!L815 -> 1 | J51: =[23]APUS!O1826 -> 34358 | K51: =ROUND(I51*J51,0) -> 34358
D52: 9.3 | G52: Suministro e instalación de aparato para sanitario( Válvula entrada atlas neutro 26 cm) | H52: UND | I52: ='[23]MEMORIAS DE CÁLCULO'!L846 -> 2 | J52: =[23]APUS!O1912 -> 48201 | K52: =ROUND(I52*J52,0) -> 96402
D53: 9.4 | G53: Suministro e instalación de rejilla de piso de 2" para cifón de cocina | H53: UND | I53: ='[23]MEMORIAS DE CÁLCULO'!L877 -> 1 | J53: =[23]APUS!O1998 -> 44391 | K53: =ROUND(I53*J53,0) -> 44391
D54: 9.5 | G54: Suministro e instalación de tapa de llave hidráulica ubicada en baños | H54: UND | I54: ='[23]MEMORIAS DE CÁLCULO'!K908 -> 2 | J54: =[23]APUS!O2084 -> 29151 | K54: =ROUND(I54*J54,0) -> 58302
C55: Subtotal | K55: =SUM(K50:K54) -> 270224
D56: 10 | G56: ADECUACIÓN INSTALACIONES ELÉCTRICAS
D57: 10.1 | G57: Suministro e instalación de tomacorriente doble- Toma Doble P/T Solaio Blanco | H57: UND | I57: ='[23]MEMORIAS DE CÁLCULO'!K939 -> 1 | J57: =[23]APUS!O2171 -> 13149 | K57: =ROUND(I57*J57,0) -> 13149
D58: 10.2 | G58: Suministro e instalación de interruptor doble- Interruptor Doble Cygnus Blanco | H58: UND | I58: ='[23]MEMORIAS DE CÁLCULO'!K970 -> 1 | J58: =[23]APUS!O2258 -> 20642 | K58: =ROUND(I58*J58,0) -> 20642
D59: 10.3 | G59: Suministro e instalación de bombillas - Bulbo Led Sensor Microondas 9w Luz Fría Certificado | H59: UND | I59: ='[23]MEMORIAS DE CÁLCULO'!K1008 -> 33 | J59: =[23]APUS!O2345 -> 25341 | K59: =ROUND(I59*J59,0) -> 836253
C60: Subtotal | K60: =SUM(K57:K59) -> 870044
D61: 11 | G61: INSTALACIÓN PARQUE RECREATIVO INFANTIL
D62: 11.1 | G62: Desmonte y retiro de parque existente | H62: UND | I62: ='[23]MEMORIAS DE CÁLCULO'!K1039 -> 1 | J62: =[23]APUS!O2431 -> 761588 | K62: =ROUND(I62*J62,0) -> 761588
D63: 11.2 | G63: Descapote de terreno previa a la instalación de la grama sintética | H63: M2 | I63: ='[23]MEMORIAS DE CÁLCULO'!K1070 -> 99.2 | J63: =[23]APUS!O2517 -> 14055 | K63: =ROUND(I63*J63,0) -> 1394256
D64: 11.3 | G64: Suministro e instalación de grama #20 sintética para parque infantil recreacional | H64: M2 | I64: ='[23]MEMORIAS DE CÁLCULO'!K1101 -> 99.2 | J64: =[23]APUS!O2603 -> 45482 | K64: =ROUND(I64*J64,0) -> 4511814
C65: Subtotal | K65: =SUM(K62:K64) -> 6667658
D66: 12 | G66: DESBROCE
D67: 12.1 | G67: Desbroce mecánico | H67: M2 | I67: ='[23]MEMORIAS DE CÁLCULO'!K1132 -> 49.86 | J67: =[23]APUS!O2690 -> 3998 | K67: =ROUND(I67*J67,0) -> 199340
D68: 12.2 | G68: Excavación manual de material común con profundidades entre 0.50 m y 1.10 m, Incluye transporte, retiro y disposición final de material sobrante | H68: M3 | I68: ='[23]MEMORIAS DE CÁLCULO'!J1167 -> 9.58 | J68: =[23]APUS!O2777 -> 82619 | K68: =ROUND(I68*J68,0) -> 791490
C69: Subtotal | K69: =SUM(K67:K68) -> 990830
D70: 13 | G70: INSTALACIÓN DE FILTRO
D71: 13.1 | G71: Suministro e instalación de Tubería de Drenaje Perforada Flexible 4 Pulgadas X 7.62 M incluye cama de grava 3/4'' , espesor= 10 cm | H71: ML | I71: ='[23]MEMORIAS DE CÁLCULO'!J1207 -> 29.68 | J71: =[23]APUS!O2865 -> 63197 | K71: =ROUND(I71*J71,0) -> 1875687
D72: 13.2 | G72: Suministro e instalación de grava 3/4'' como relleno a tubería de drenaje perforada , espesor= 50 cm | H72: M3 | I72: ='[23]MEMORIAS DE CÁLCULO'!K1246 -> 9.32 | J72: =[23]APUS!O2953 -> 189299 | K72: =ROUND(I72*J72,0) -> 1764267
D73: 13.3 | G73: Suministro e instalación de geotextil NT 1600S | H73: M2 | I73: ='[23]MEMORIAS DE CÁLCULO'!I1284 -> 59.36 | J73: =[23]APUS!O3041 -> 16582 | K73: =ROUND(I73*J73,0) -> 984308
D74: 13.4 | G74: Suministro e instalación de material seleccionado común sobrante , incluye compactación,extendido y humedecido | H74: M3 | I74: ='[23]MEMORIAS DE CÁLCULO'!J1322 -> 4.09 | J74: =[23]APUS!O3129 -> 111499 | K74: =ROUND(I74*J74,0) -> 456031
C75: Subtotal | K75: =SUM(K71:K74) -> 5080293
D76: 14 | G76: ASEO GENERAL
D77: 14.1 | G77: Aseo General de la obra | H77: M2 | I77: ='[23]MEMORIAS DE CÁLCULO'!K1359 -> 652.13 | J77: =[23]APUS!O3217 -> 568 | K77: =ROUND(I77*J77,0) -> 370410
C78: Subtotal | K78: =SUM(K77) -> 370410 | P78: CD
C79: Subtotal Costo directo Centro De Desarrollo Infantil Oro Negro | K79: =ROUND(SUM(K19+K24+K28+K32+K35+K41+K44+K48+K55+K60+K65+K69+K75+K78),0) -> 57786664 | O79: =K79*26% -> 15024533 | P79: =K79-O79 -> 42762131
C80: CENTRO DE DESARROLLO INFANTIL BOSQUES DE SAN LUIS
C81: Nº | D81: ÍTEM DE PAGO | E81: ESPECIFICACIONES | G81: DESCRIPCIÓN | H81: UND. | I81: CANTIDAD | J81: VALOR UNITARIO | K81: VALOR TOTAL
E82: GENERAL | F82: PARTICULAR
D83: 15 | G83: CUBIERTA
D84: 15.1 | G84: Instalación de sistema de remate perimetral con puesto por flanche metálico en lámina galvanizada debidamente empotrada y sellada (contiene cinta sellante en la interfaz cubierta muro) | H84: ML | I84: ='CDI BOSQUES MEMORIAS DE CÁLCULO'!L19 -> 217.5 | J84: ='CDI BOSQUES APUS'!O71 -> 74909 | K84: =ROUND(I84*J84,0) -> 16292708
C85: Subtotal | K85: =SUM(K84) -> 16292708
D86: 16 | G86: IMPERMEABILIZACIÓN
D87: 16.1 | G87: Impermeabilización con Sika Emulsión Asfáltica para cubierta en concreto | H87: M2 | I87: ='CDI BOSQUES MEMORIAS DE CÁLCULO'!L57 -> 63.61 | J87: ='CDI BOSQUES APUS'!O168 -> 23019 | K87: =ROUND(I87*J87,0) -> 1464239
C88: Subtotal | K88: =SUM(K87) -> 1464239
D89: 17 | G89: PISOS
D90: 17.1 | G90: Suministro e instalación de nueva ceramica (Alaska blanco), incluye demolicion y retiro de ceramica existente y limpieza (con Junta perimetral 1 cm) y (Junta de dilatación cada 20 m² aprox.) | H90: M2 | I90: ='CDI BOSQUES MEMORIAS DE CÁLCULO'!K92 -> 108.34 | J90: ='CDI BOSQUES APUS'!O265 -> 62966 | K90: =ROUND(I90*J90,0) -> 6821736
D91: 17.2 | G91: Suministro e instalación de Piso Vinílico Adhesivo en PVC | H91: M2 | I91: ='CDI BOSQUES MEMORIAS DE CÁLCULO'!K124 -> 29.7 | J91: ='CDI BOSQUES APUS'!O361 -> 192083 | K91: =ROUND(I91*J91,0) -> 5704865
C92: Subtotal | K92: =SUM(K90:K91) -> 12526601
D93: 18 | G93: ASEO GENERAL
D94: 18.1 | G94: Aseo General de la obra | H94: M2 | I94: ='CDI BOSQUES MEMORIAS DE CÁLCULO'!K160 -> 108.34 | J94: ='CDI BOSQUES APUS'!O457 -> 2933 | K94: =ROUND(I94*J94,0) -> 317761
C95: Subtotal | K95: =SUM(K94) -> 317761
C96: Subtotal Costo directo Centro De Desarrollo Infantil Bosques de San Luis | K96: =SUM(K85+K88+K92+K95) -> 30601309 | O96: =K96*26% -> 7956340.3 | P96: =K96-O96 -> 22644969
C97: CENTRO DE DESARROLLO INFANTIL SONRISAS DE COLORES
C98: Nº | D98: ÍTEM DE PAGO | E98: ESPECIFICACIONES | G98: DESCRIPCIÓN | H98: UND. | I98: CANTIDAD | J98: VALOR UNITARIO | K98: VALOR TOTAL
E99: GENERAL | F99: PARTICULAR
D100: 19 | G100: Suministro e Instalación de Acometida en cable de cobre aislado No. 3 2/0 + 1 x 2/0 + 1 x 4T | H100: ML | I100: 16 | J100: ='CDI SONRISAS APUS'!O81 -> 520315 | K100: =ROUND(I100*J100,0) -> 8325040
D101: 20 | G101: Suministro e Instalación de Gabinete de Medida SEMIDIRECTA, 3 compartimientos (200 X 60 X 35)CM ( el gabinete incluye barrajes en platina de cobre de 200amp bornera de equipo de medida, espacio para totalizador chapas de seguridad vidrio bisor para medidor y protecciones electricas.) | H101: UND. | I101: 1 | J101: ='CDI SONRISAS APUS'!O189 -> 6245085 | K101: =ROUND(I101*J101,0) -> 6245085
D102: 21 | G102: Suministro e Instalación de Equipo de medida Semidirecto (Incluye: Medidor Semidirecto Activa - Reactiva, Transformadores de corriente de 100/5A | H102: UND. | I102: 1 | J102: ='CDI SONRISAS APUS'!O297 -> 3880492 | K102: =ROUND(I102*J102,0) -> 3880492
D103: 22 | G103: Suministro e Instalación de Breaker Industrial de Protección de 3 x 100A | H103: UND. | I103: 1 | J103: ='CDI SONRISAS APUS'!O405 -> 770413 | K103: =ROUND(I103*J103,0) -> 770413
...

Sheet JUSTIFICACIÓN AIU 
B2: CENTRO DE DESARROLLO INFANTIL ORO NEGRO + Bosques de San Luis + Sonrisas de Colores | G2: CD | H2: ='PRESUPUESTO OFICIAL (Entidad)'!P79+'PRESUPUESTO OFICIAL (Entidad)'!P96+'PRESUPUESTO OFICIAL (Entidad)'!P111 -> 89958328
B3: JUSTIFICACIÓN ADMINISTRACIÓN 22% | M3: %
B4: Concepto | C4: Dedicación | D4: % | E4: Días estimados | F4: % sobre CD | G4: Valor ($) | H4: Justificación técnica | J4: =J5/30 -> 150000 | K4: =J4*9 -> 1350000 | L4: =K4/H2 -> 0.015006949 | M4: =L4*100 -> 1.5006949
B5: Director de obra | C5: Parcial | D5: 0.25 | E5: 11.4 | F5: 0.0157 | G5: =F5*$H$2 -> 1412345.7 | H5: Dirección técnica, coordinación contractual y toma de decisiones. | J5: 4500000 | K5: =J5/30 -> 150000 | L5: =K5*E5 -> 1710000 | M5: =L5/H2 -> 0.019008802 | N5: =M5*100 -> 1.9008802
B6: Residente de obra | C6: Tiempo completo | D6: 1 | E6: 45 | F6: 0.048 | G6: =F6*$H$2 -> 4317999.7 | H6: Supervisión permanente de las actividades constructivas. | J6: 3500000 | K6: =J6/30 -> 116666.67 | L6: =K6*E6 -> 5250000 | M6: =L6/H2 -> 0.058360356 | N6: =M6*100 -> 5.8360356
B7: Maestro de obra | C7: Tiempo completo | D7: 1 | E7: 45 | F7: 0.034 | G7: =F7*$H$2 -> 3058583.1 | H7: Coordinación diaria de cuadrillas y control de calidad. | J7: 2500000 | K7: =J7/30 -> 83333.333 | L7: =K7*E7 -> 3750000 | M7: =L7/H2 -> 0.041685968 | N7: =M7*100 -> 4.1685968
B8: Ingeniero Electricista (diseño y supervisión RETIE) | C8: Parcial | D8: 0.05 | E8: 2.2 | F8: 0.0027 | G8: =F8*$H$2 -> 242887.49 | H8: Dirección técnica, coordinación contractual y toma de decisiones. Solo para la ejecucion del poryecto sonrisa de colores duración de 6 dias | J8: 4000000 | K8: =J8/30 -> 133333.33 | L8: =K8*E8 -> 293333.33 | M8: =L8/H2 -> 0.0032607691 | N8: =M8*100 -> 0.32607691
B9: Residente eléctrico | C9: Tiempo completo | D9: 0.13 | E9: 6 | F9: 0.0045 | G9: =F9*$H$2 -> 404812.48 | H9: Supervisión permanente de las actividades constructivas.Solo para la ejecucion del poryecto sonrisas de colores duraciión de 6 dias | J9: 2500000 | K9: =J9/30 -> 83333.333 | L9: =K9*E9 -> 500000 | M9: =L9/H2 -> 0.0055581291 | N9: =M9*100 -> 0.55581291
B10: Papelería, comunicaciones e impresión | C10: Tiempo completo | D10: 1 | E10: 45 | F10: 0.001 | G10: =F10*$H$2 -> 89958.328 | H10: Informes, actas, planos y documentación contractual.
B11: Transporte administrativo | C11: Tiempo completo | D11: 1 | E11: 45 | F11: 0.002 | G11: =F11*$H$2 -> 179916.66 | H11: Desplazamientos de personal técnico y administrativo. | J11: 45 | K11: 100
B12: Pólizas contractuales | C12: Tiempo completo | D12: 1 | E12: Vigencia del contrato (45 días + garantía) | F12: 0.0068 | G12: =F12*H2 -> 611716.63 | H12: Cumplimiento, calidad, salarios y responsabilidad civil. | J12: 6 | K12: =J12*K11/J11 -> 13.333333
B13: Estampilla Pro Cultura | D13: 0.01 | F13: 0.01 | G13: =D13*H2 -> 899583.28
B14: Estampilla Adulto Mayor | D14: 0.02 | F14: 0.02 | G14: =D14*H2 -> 1799166.6
B15: Estampilla Pro Usco | D15: 0.005 | F15: 0.005 | G15: =D15*H2 -> 449791.64
B16: Estampilla Pro Deporte | D16: 0.02 | F16: 0.02 | G16: =D16*H2 -> 1799166.6
B17: IMPUESTO CONTRIBUCIÓN SEGURIDAD | D17: 0.05 | F17: 0.05 | G17: =D17*H2 -> 4497916.4
B18: Ensayo resistencia a la compresion del concreto | C18: 1 | G18: =15000*C18 -> 15000
B20: TOTAL ADMINISTRACIÓN | F20: =G20/H2 -> 0.21986674 | G20: =SUM(G5:G19) -> 19778845
B21: JUSTIFICACIÓN IMPREVISTOS 1%
B22: Riesgo o contingencia | C22: % sobre CD | D22: Valor estimado | E22: Justificación técnica
B23: Descubrimiento de deterioros ocultos durante demoliciones y reparaciones | C23: 0.005 | D23: =C23*$H$2 -> 449791.64 | E23: Durante el retiro de acabados, impermeabilizaciones y elementos deteriorados pueden evidenciarse fisuras, humedad o desprendimientos no detectados en la inspección inicial.
B24: Interferencias con redes hidráulicas, sanitarias y eléctricas existentes | C24: 0.005 | D24: =C24*$H$2 -> 449791.64 | E24: Durante las adecuaciones pueden presentarse ajustes menores por redes no identificadas completamente en la etapa de diagnóstico.
B25: TOTAL IMPREVISTOS | C25: =SUM(C23:C24) -> 0.01 | D25: =SUM(D23:D24) -> 899583.28
B26: JUSTIFICACIÓN UTILIDAD 3%
B27: Concepto | C27: % | D27: Valor
B28: Utilidad del contratista | C28: 0.03 | D28: =C28*H2 -> 2698749.8
B29: Iva sobre la utilidad | C29: 0.19 | D29: =C29*D28 -> 512762.47
B30: Corresponde a la rentabilidad esperada por el riesgo empresarial asumido, la responsabilidad técnica, financiera y jurídica, las garantías de estabilidad de la obra y la recuperación del capital invertido

Sheet MANO DE OBRA.
A3: COSTO M.O ORDINARIA (Oficiales, m.o) AÑO 2026 | D3: COSTO M.O ORDINARIA (Ayudantes,) AÑO 2026 | J3: Porcentajes responsabilidad del Empleador 2026
A4: Salario diario: | B4: =B10/30 -> 76666.667 | D4: Salario diario: | E4: =E10/30 -> 58363.5 | G4: =E4/8 -> 7295.4375 | H4: =L22/G4 -> 0.67516477 | J4: 0.0833 | K4: Cesantias (salario+aux) | L4: =E12*J4 -> 166600 | M4: =L4/30 -> 5553.3333
A5: Carga laboral diaria: | B5: =B4*K42 -> 50531.474 | D5: Carga laboral diaria: | E5: =E4*K20 -> 39404.979 | J5: 0.01 | K5: intereses a las cesantías | L5: =E10*J5 -> 17509.05
A6: Costo total diario: | B6: =B5+B4 -> 127198.14 | D6: Costo total diario: | E6: =E5+E4 -> 97768.479 | J6: 0.0833 | K6: prima | L6: =E12*J6 -> 166600
A7: Salario hora: | B7: =B4/8 -> 9583.3333 | D7: Salario hora: | E7: =E4/8 -> 7295.4375 | J7: 0.0417 | K7: vacaciones | L7: =E10*J7 -> 73012.739 | P7: =SUM(L4:L7)/E10 -> 0.24200159
A8: Carga laboral hora: | B8: =B7*K42 -> 6316.4343 | D8: Carga laboral hora: | E8: =E7*K20 -> 4925.6224
A9: Costo total hora: | B9: =B8+B7 -> 15899.768 | D9: Costo total hora: | E9: =E8+E7 -> 12221.06 | I9: Nivel V | J9: 0.0696 | K9: riesgos laborales | L9: =E10*J9 -> 121862.99 | N9: Cambia Según Nivel de riesgo (I)
A10: Salario | B10: 2300000 | D10: Salario | E10: 1750905 | J10: 0.205 | K10: Salud + Pensión | L10: =E10*J10 -> 358935.52
A11: AUX | B11: 249095 | D11: AUX TRANSPORTE | E11: 249095 | J11: PRESTACIONES SOCIALES | L11: =SUM(L4:L10) -> 904520.3
A12: Total | B12: =B11+B10 -> 2549095 | D12: Total | E12: =E11+E10 -> 2000000 | J12: APORTES PARAFISCALES:
J13: 0.04 | K13: Caja de compensacion familiar | L13: =J13*$E$10 -> 70036.2 | O13: tres veces al año (abril, agosto y diciembre).
J14: 0.02 | K14: Sena | L14: =J14*$E$10 -> 35018.1 | O14: Dotación | P14: Cantidad | Q14: Valor Unit. | R14: Subtotal
G15: FIC por cada 40 trabajadores | J15: 0.03 | K15: ICBF | L15: =J15*$E$10 -> 52527.15 | O15: Camisa Algodón | P15: 2 | Q15: 35000 | R15: =+P15*Q15 -> 70000
G16: 40 | H16: 1 | J16: 0.025 | K16: FIC | L16: =J16*$E$10 -> 43772.625 | O16: Jean | P16: 2 | Q16: 40000 | R16: =+P16*Q16 -> 80000
G17: =G16*H17/100 -> 1 | H17: 2.5 | J17: OTROS | O17: Casco | P17: 1 | Q17: 40000 | R17: =+P17*Q17 -> 40000
J18: 0.25 | K18: Dotación | L18: =R25 -> 76275 | O18: Botas | P18: 1 | Q18: 70000 | R18: =+P18*Q18 -> 70000
J19: TOTAL (PREST.SOC + APORTES PARAFIS) | L19: =L11+L13+L14+L15+L16+L18 -> 1182149.4
J20: Factor prestacional | K20: =L19/E10 -> 0.67516477 | O20: Guantes Baqueta | P20: 1 | Q20: 20000 | R20: =+P20*Q20 -> 20000
L21: =L19/30 -> 39404.979 | O21: Gafas oscuras | P21: 1 | Q21: 20000 | R21: =+P21*Q21 -> 20000
L22: =L21/8 -> 4925.6224 | O22: tapa oidos inser | P22: 1 | Q22: 5100 | R22: =+P22*Q22 -> 5100
Q23: Total | R23: =SUM(R15:R22) -> 305100 | S23: =R23*3 -> 915300
Q24: Dia | R24: =+R23/(30*4) -> 2542.5
J25: Porcentajes responsabilidad del Empleador 2026 | Q25: x mes | R25: =R23*S26 -> 76275 | S25: 3 | T25: 12
J26: 0.0833 | K26: Cesantias (salario+aux) | L26: =B12*J26 -> 212339.61 | Q26: x año | R26: =R25*12 -> 915300 | S26: =S25/T25 -> 0.25
J27: 0.01 | K27: intereses a las cesantías | L27: =J27*B10 -> 23000
J28: 0.0833 | K28: prima | L28: =J28*B12 -> 212339.61
J29: 0.0417 | K29: vacaciones | L29: =J29*$B$10 -> 95910
J31: 0.0696 | K31: riesgos laborales | L31: =J31*$B$10 -> 160080
J32: 0.205 | K32: Salud + Pensión | L32: =J32*$B$10 -> 471500
J33: PRESTACIONES SOCIALES | L33: =SUM(L26:L32) -> 1175169.2
J34: APORTES PARAFISCALES:
J35: 0.04 | K35: Caja de compensacion familiar | L35: =J35*$B$10 -> 92000
J36: 0.02 | K36: Sena | L36: =J36*$B$10 -> 46000
J37: 0.03 | K37: ICBF | L37: =J37*$B$10 -> 69000
J38: 0.025 | K38: FIC | L38: =J38*$B$10 -> 57500
J39: OTROS
J40: 0.25 | K40: Dotación | L40: =R25 -> 76275
J41: TOTAL (PREST.SOC + APORTES PARAFIS) | L41: =L33+L35+L36+L37+L38+L40 -> 1515944.2
J42: Factor prestacional | K42: =L41/B10 -> 0.65910619
L43: =L41/30 -> 50531.474
L44: =L43/8 -> 6316.4343

Sheet CDI ORO MEMORIAS DE CÁLCULO
B2: MUNICIPIO DE NEIVA - HUILA
B3: MEMORIAS DE CALCULO
B5: PRESUPUESTO DE OBRA PARA LA ADECUACIÓN Y MANTENIMIENTO DEL CENTRO DE DESARROLLO INFANTIL "ORO NEGRO" UBICADO EN LA CIUDAD DE NEIVA
B6: ALCALDIA DE NEIVA - SECRETARIA DE LA MUJER, INFANCIA Y DESARROLLOS SOCIAL
B7: ITEM | C7: 1.1 | D7: Retiro y limpieza de viga por desprendimiento por humedad existente
B8: DESCRIPCIÓN | E8: ILUSTRACIÓN | F8: ALTURA (m) | G8: ANCHO (m) | H8: LARGO (m) | I8: ÁREA (m2) | J8: N° DE ELEMENTOS | K8: ÁREA TOTAL(m2)
B9: Bloque 1 - Viga | F9: 0.3 | G9: 0.66 | H9: 12.48 | I9: =G9*H9 -> 8.2368 | J9: 1 | K9: =I9*J9 -> 8.2368
B10: Bloque 2 - Viga | F10: 0.3 | G10: 0.66 | H10: =12.48-0.7 -> 11.78 | I10: =G10*H10 -> 7.7748 | J10: 1 | K10: =I10*J10 -> 7.7748
B11: Bloque 3 - Viga | F11: 0.33 | G11: =0.7+(0.56+0.56+0.56) -> 2.38 | H11: 18.3 | I11: =G11*H11 -> 43.554 | J11: 1 | K11: =I11*J11 -> 43.554
I12: TOTAL | K12: =ROUND(SUM(K9:K11),2) -> 59.57
B46: MUNICIPIO DE NEIVA - HUILA
B47: MEMORIAS DE CALCULO
B49: PRESUPUESTO DE OBRA PARA LA ADECUACIÓN Y MANTENIMIENTO DEL CENTRO DE DESARROLLO INFANTIL "ORO NEGRO" UBICADO EN LA CIUDAD DE NEIVA
B50: ALCALDIA DE NEIVA - SECRETARIA DE LA MUJER, INFANCIA Y DESARROLLOS SOCIAL
B51: ITEM | C51: 1.2 | D51: Suministro y aplicación de mortero de reparación parar relleno para muros en mampostería en áreas afectadas.
B52: DESCRIPCIÓN | E52: ALTURA (m) | F52: ANCHO (m) | G52: LARGO (m) | H52: ÁREA (m2) | I52: VOLUMEN PARCIAL (m3) | J52: N° DE ELEMENTOS | K52: TOTAL
B53: Mortero de reparación parar relleno para muros en mampostería en áreas afectadas. (Esclaeras, Graderia, Rampa) | J53: 1 | K53: =J53 -> 1
H54: TOTAL | K54: =ROUND(SUM(K53:K53),2) -> 1
B118: MUNICIPIO DE NEIVA - HUILA
B119: MEMORIAS DE CALCULO
B121: PRESUPUESTO DE OBRA PARA LA ADECUACIÓN Y MANTENIMIENTO DEL CENTRO DE DESARROLLO INFANTIL "ORO NEGRO" UBICADO EN LA CIUDAD DE NEIVA
B122: ALCALDIA DE NEIVA - SECRETARIA DE LA MUJER, INFANCIA Y DESARROLLOS SOCIAL
B123: ITEM | C123: 1.3 | D123: ='PRESUPUESTO OFICIAL (Entidad)'!G17 -> Reparación de ladrillo Prensado Macizo 24.5x12x5.5cm para zonas afectadas en muro de fachada
B124: DESCRIPCIÓN | E124: ALTURA (m) | F124: ANCHO (m) | G124: LARGO (m) | H124: ÁREA (m2) | I124: VOLUMEN PARCIAL (m3) | J124: N° DE ELEMENTOS | K124: TOTAL
B125: Ladrillo a la vista - cara 1 | E125: 0.8 | F125: 0.59 | H125: =E125*F125 -> 0.472 | J125: 1 | K125: =H125*J125 -> 0.472
H126: TOTAL | K126: =ROUND(SUM(K125:K125),2) -> 0.47
B160: MUNICIPIO DE NEIVA - HUILA
B161: MEMORIAS DE CALCULO
B163: PRESUPUESTO DE OBRA PARA LA ADECUACIÓN Y MANTENIMIENTO DEL CENTRO DE DESARROLLO INFANTIL "ORO NEGRO" UBICADO EN LA CIUDAD DE NEIVA
B164: ALCALDIA DE NEIVA - SECRETARIA DE LA MUJER, INFANCIA Y DESARROLLOS SOCIAL
B165: ITEM | C165: 1.4 | D165: Cargue, retiro, transporte y disposición final de los materiales resultantes de la demolición de placas de concreto y del desbroce mecánico, incluye pago de derechos de disposición y todos los costos necesarios para la correcta ejecución de la actividad.
B166: DESCRIPCIÓN | E166: ALTURA (m) | F166: ANCHO (m) | G166: LARGO (m) | H166: ÁREA (m2) | I166: VOLUMEN PARCIAL (m3) | J166: N° DE ELEMENTOS | K166: TOTAL
B167: Desmonte y retiro de placa para tanques | E167: 0.07 | F167: 1.48 | G167: 2.34 | H167: =F167*G167 -> 3.4632 | J167: 1 | K167: =H167*J167 -> 3.4632
B168: Desbroce mecánico | F168: 2.3 | G168: 21.68 | H168: =F168*G168 -> 49.864 | J168: 1 | K168: =H168*J168 -> 49.864
H169: TOTAL | K169: =ROUND(SUM(K167:K168),2) -> 53.33
B203: MUNICIPIO DE NEIVA - HUILA
B204: MEMORIAS DE CALCULO
B206: PRESUPUESTO DE OBRA PARA LA ADECUACIÓN Y MANTENIMIENTO DEL CENTRO DE DESARROLLO INFANTIL "ORO NEGRO" UBICADO EN LA CIUDAD DE NEIVA
B207: ALCALDIA DE NEIVA - SECRETARIA DE LA MUJER, INFANCIA Y DESARROLLOS SOCIAL
B208: ITEM | C208: 2.1 | D208: ='PRESUPUESTO OFICIAL (Entidad)'!G21 -> Suministro y aplicación de impermeabilizante Sika Monotop - 123 para viga en concreto
B209: DESCRIPCIÓN | E209: ILUSTRACIÓN | F209: ALTURA (m) | G209: ANCHO (m) | H209: LARGO (m) | I209: ÁREA (m2) | J209: N° DE ELEMENTOS | K209: ÁREA TOTAL(m2)
B210: Bloque 1 - Viga | F210: 0.3 | G210: 0.66 | H210: 12.48 | I210: =G210*H210 -> 8.2368 | J210: 1 | K210: =I210*J210 -> 8.2368
B211: Bloque 2 - Viga | F211: 0.3 | G211: 0.66 | H211: =12.48-0.7 -> 11.78 | I211: =G211*H211 -> 7.7748 | J211: 1 | K211: =I211*J211 -> 7.7748
B212: Bloque 3 - Viga | F212: 0.33 | G212: =0.7+(0.56+0.56+0.56) -> 2.38 | H212: 18.3 | I212: =G212*H212 -> 43.554 | J212: 1 | K212: =I212*J212 -> 43.554
I213: TOTAL | K213: =ROUND(SUM(K210:K212),2) -> 59.57
B236: MUNICIPIO DE NEIVA - HUILA
B237: MEMORIAS DE CALCULO
B239: PRESUPUESTO DE OBRA PARA LA ADECUACIÓN Y MANTENIMIENTO DEL CENTRO DE DESARROLLO INFANTIL "ORO NEGRO" UBICADO EN LA CIUDAD DE NEIVA
B240: ALCALDIA DE NEIVA - SECRETARIA DE LA MUJER, INFANCIA Y DESARROLLOS SOCIAL
B241: ITEM | C241: 2.2 | D241: ='PRESUPUESTO OFICIAL (Entidad)'!G22 -> Suministro y aplicación de impermeabilizante Sika transparente - 7W para muro exterior en mamposteria de ladrillo a la vista
B242: DESCRIPCIÓN | E242: ILUSTRACIÓN | F242: ALTURA (m) | G242: ANCHO (m) | H242: LARGO (m) | I242: ÁREA (m2) | J242: N° DE ELEMENTOS | K242: ÁREA TOTAL(m2)
B243: Bloque 3 - Muro exterior ladrillo a la vista | F243: 3.04 | G243: 21.68 | I243: =F243*G243 -> 65.9072 | J243: 1 | K243: =I243*J243 -> 65.9072
I244: TOTAL | K244: =ROUND(SUM(K243:K243),2) -> 65.91
B267: MUNICIPIO DE NEIVA - HUILA
B268: MEMORIAS DE CALCULO
B270: PRESUPUESTO DE OBRA PARA LA ADECUACIÓN Y MANTENIMIENTO DEL CENTRO DE DESARROLLO INFANTIL "ORO NEGRO" UBICADO EN LA CIUDAD DE NEIVA
B271: ALCALDIA DE NEIVA - SECRETARIA DE LA MUJER, INFANCIA Y DESARROLLOS SOCIAL
B272: ITEM | C272: 2.3 | D272: ='PRESUPUESTO OFICIAL (Entidad)'!G23 -> Impermeabilización con manto asfaltico Alumanto Texsa 3 mm para canal de concreto lateral a la cubierta de los diferentes bloques
B273: DESCRIPCIÓN | E273: ILUSTRACIÓN | F273: ALTURA (m) | G273: ANCHO (m) | H273: LARGO (m) | I273: ÁREA (m2) | J273: VOLUMEN PARCIAL (m3) | K273: N° DE ELEMENTOS | L273: ÁREA TOTAL (m2)
B274: Bloque 1 | G274: 1 | H274: 12.48 | I274: =G274*H274 -> 12.48 | K274: 1 | L274: =I274*K274 -> 12.48
B275: Bloque 2 | G275: 1 | H275: =12.48 -> 12.48 | I275: =G275*H275 -> 12.48 | K275: 1 | L275: =I275*K275 -> 12.48
B276: Bloque 3 | G276: 1 | H276: 21.68 | I276: =G276*H276 -> 21.68 | K276: 1 | L276: =I276*K276 -> 21.68
I277: TOTAL | L277: =ROUND(SUM(L274:L276),2) -> 46.64
B300: MUNICIPIO DE NEIVA - HUILA
B301: MEMORIAS DE CALCULO
B303: PRESUPUESTO DE OBRA PARA LA ADECUACIÓN Y MANTENIMIENTO DEL CENTRO DE DESARROLLO INFANTIL "ORO NEGRO" UBICADO EN LA CIUDAD DE NEIVA
B304: ALCALDIA DE NEIVA - SECRETARIA DE LA MUJER, INFANCIA Y DESARROLLOS SOCIAL
B305: ITEM | C305: 3.1 | D305: Demolicion de placa en concreto reforzado para tanques (Incluye corte, demolición y retiro de acero)
B306: DESCRIPCIÓN | E306: ALTURA (m) | F306: ANCHO (m) | G306: LARGO (m) | H306: ÁREA (m2) | I306: VOLUMEN PARCIAL (m3) | J306: N° DE ELEMENTOS | K306: ÁREA TOTAL(m2)
E307: 0.07 | F307: 1.48 | G307: 2.34 | H307: =F307*G307 -> 3.4632 | J307: 1 | K307: =H307*J307 -> 3.4632
H308: TOTAL | K308: =ROUND(SUM(K307:K307),2) -> 3.46
B331: MUNICIPIO DE NEIVA - HUILA
B332: MEMORIAS DE CALCULO
B334: PRESUPUESTO DE OBRA PARA LA ADECUACIÓN Y MANTENIMIENTO DEL CENTRO DE DESARROLLO INFANTIL "ORO NEGRO" UBICADO EN LA CIUDAD DE NEIVA
B335: ALCALDIA DE NEIVA - SECRETARIA DE LA MUJER, INFANCIA Y DESARROLLOS SOCIAL
B336: ITEM | C336: 3.2 | D336: Construcción placa para tanques en concreto reforzado de 3000 psi, espesor 12cm
B337: DESCRIPCIÓN | E337: ALTURA (m) | F337: ANCHO (m) | G337: LARGO (m) | H337: ÁREA (m2) | I337: VOLUMEN PARCIAL (m3) | J337: N° DE ELEMENTOS | K337: VOLUMEN TOTAL(m3)
E338: 0.12 | F338: 1.55 | G338: 2.55 | H338: =F338*G338 -> 3.9525 | I338: =E338*F338*G338 -> 0.4743 | J338: 1 | K338: =I338*J338 -> 0.4743
H339: TOTAL | K339: =ROUND(SUM(K338:K338),2) -> 0.47
B363: MUNICIPIO DE NEIVA - HUILA
B364: MEMORIAS DE CALCULO
B366: PRESUPUESTO DE OBRA PARA LA ADECUACIÓN Y MANTENIMIENTO DEL CENTRO DE DESARROLLO INFANTIL "ORO NEGRO" UBICADO EN LA CIUDAD DE NEIVA
B367: ALCALDIA DE NEIVA - SECRETARIA DE LA MUJER, INFANCIA Y DESARROLLO SOCIAL
B368: ITEM | C368: 4.1 | D368: Suministro y aplicación de Pintura a 3 manos en Vinilo T1 para viga en concreto
B369: DESCRIPCIÓN | E369: ILUSTRACIÓN | F369: ALTURA (m) | G369: ANCHO (m) | H369: LARGO (m) | I369: ÁREA (m2) | J369: N° DE ELEMENTOS | K369: ÁREA TOTAL (m2)
B370: Bloque 1 - Viga | F370: 0.3 | G370: 0.66 | H370: 12.48 | I370: =G370*H370 -> 8.2368 | J370: 1 | K370: =I370*J370 -> 8.2368
B371: Bloque 2 - Viga | F371: 0.3 | G371: 0.66 | H371: =12.48-0.7 -> 11.78 | I371: =G371*H371 -> 7.7748 | J371: 1 | K371: =I371*J371 -> 7.7748
B372: Bloque 3 - Viga | F372: 0.33 | G372: =0.7+(0.56+0.56+0.56) -> 2.38 | H372: 18.3 | I372: =G372*H372 -> 43.554 | J372: 1 | K372: =I372*J372 -> 43.554
I373: TOTAL | K373: =ROUND(SUM(K370:K372),2) -> 59.57
B396: MUNICIPIO DE NEIVA - HUILA
B397: MEMORIAS DE CALCULO
B399: PRESUPUESTO DE OBRA PARA LA ADECUACIÓN Y MANTENIMIENTO DEL CENTRO DE DESARROLLO INFANTIL "ORO NEGRO" UBICADO EN LA CIUDAD DE NEIVA
B400: ALCALDIA DE NEIVA - SECRETARIA DE LA MUJER, INFANCIA Y DESARROLLO SOCIAL
B401: ITEM | C401: 4.2 | D401: Suministro y aplicación de anticorrosivo y pintura para ventanas y puertas en estructuras metalicas
B402: DESCRIPCIÓN | E402: ILUSTRACIÓN | F402: ALTURA (m) | G402: ANCHO (m) | H402: LARGO (m) | I402: ÁREA (m2) | J402: N° DE ELEMENTOS | K402: ÁREA TOTAL (m2)
B403: CARA 1
B404: PUERTA PRINCIPAL | F404: 2.17 | G404: 1.75 | I404: =F404*G404 -> 3.7975 | J404: 1 | K404: =I404*J404 -> 3.7975
B405: VENTANAS | F405: 1.38 | G405: 1 | I405: =F405*G405 -> 1.38 | J405: 2 | K405: =I405*J405 -> 2.76
B406: CARA 2
B407: VENTANA | F407: 1.8 | G407: 1.52 | I407: =F407*G407 -> 2.736 | J407: 1 | K407: =I407*J407 -> 2.736
...

Sheet CDI BOSQUES MEMORIAS DE CÁLCULO
B2: MUNICIPIO DE NEIVA - HUILA
B3: MEMORIAS DE CALCULO
B5: PRESUPUESTO DE OBRA PARA LA ADECUACIÓN Y MANTENIMIENTO DEL CENTRO DE DESARROLLO INFANTIL "BOSQUES DE SAN LUIS" UBICADO EN LA CIUDAD DE NEIVA
B6: ALCALDIA DE NEIVA - SECRETARIA DE LA MUJER, INFANCIA Y DESARROLLOS SOCIAL
B7: ITEM | C7: 15.1 | D7: Instalación de sistema de remate perimetral con puesto por flanche metálico en lámina galvanizada debidamente empotrada y sellada (contiene cinta sellante en la interfaz cubierta muro)
B8: DESCRIPCIÓN | F8: ILUSTRACIÓN | G8: ALTURA (m) | H8: ANCHO (m) | I8: LARGO (m) | J8: ÁREA (m2) | K8: N° DE ELEMENTOS | L8: PERIMETRO TOTAL(ML)
B9: Bloque 1 | E9: ( Áula Prejardin A, B Y C), Baños niños y niñas | H9: 7.46 | I9: 28.4 | J9: =H9*I9 -> 211.864 | K9: 1 | L9: =I9+H9 -> 35.86
E10: Ludoteca, cocina , caminadores y sala cunas | H10: =6.8+2.7 -> 9.5 | I10: 20.5 | J10: =H10*I10 -> 194.75 | K10: 1 | L10: =H10+I10 -> 30
B11: Bloque 2 (porton, tanques y lavanderias) | E11: Lavandería | H11: 6.5 | I11: 4.93 | J11: =H11*I11 -> 32.045 | K11: 1 | L11: =H11+I11 -> 11.43
E13: Comedor y cocina | H13: 15.93 | I13: 13 | J13: =H13*I13 -> 207.09 | K13: 1 | L13: =H13+I13 -> 28.93
E14: Baños niños y niñas. Áula Jardin A, B y C | H14: =3.3+3.3 -> 6.6 | I14: 28.63 | J14: =H14*I14 -> 188.958 | K14: 1 | L14: =H14+I14 -> 35.23
B15: Bloque 3 | E15: Áula Maternal A, B y C | H15: 10.85 | I15: 26.9 | J15: =H15*I15 -> 291.865 | K15: 1 | L15: =H15+I15 -> 37.75
B16: Bloque 4 | E16: Baño hombre, mujer , archivo, Psicologia ,enfermeria , Administración , Atención al Usuario | H16: 4.4 | I16: 11.7 | J16: =H16*I16 -> 51.48 | K16: 1 | L16: =H16+I16 -> 16.1
B18: Bloque 5 | E18: Auditorio | H18: 11.1 | K18: 2 | L18: =H18*K18 -> 22.2
J19: TOTAL | L19: =ROUND(SUM(L9:L18),2) -> 217.5
B47: MUNICIPIO DE NEIVA - HUILA
B48: MEMORIAS DE CALCULO
B50: PRESUPUESTO DE OBRA PARA LA ADECUACIÓN Y MANTENIMIENTO DEL CENTRO DE DESARROLLO INFANTIL "BOSQUES DE SAN LUIS" UBICADO EN LA CIUDAD DE NEIVA
B51: ALCALDIA DE NEIVA - SECRETARIA DE LA MUJER, INFANCIA Y DESARROLLO SOCIAL
B52: ITEM | C52: 16.1 | D52: ='PRESUPUESTO OFICIAL (Entidad)'!G87 -> Impermeabilización con Sika Emulsión Asfáltica para cubierta en concreto
B53: DESCRIPCIÓN | E53: ILUSTRACIÓN | F53: ALTURA (m) | G53: ANCHO (m) | H53: LARGO (m) | I53: ÁREA (m2) | J53: VOLUMEN PARCIAL (m3) | K53: N° DE ELEMENTOS | L53: ÁREA TOTAL (m2)
B54: Entrada CDI | G54: 5.1 | H54: 8.75 | I54: =G54*H54 -> 44.625 | K54: 1 | L54: =G54*H54*K54 -> 44.625
B55: Cuarto Vigilancia | G55: 2.11 | H55: 3.8 | I55: =G55*H55 -> 8.018 | K55: 1 | L55: =G55*H55*K55 -> 8.018
B56: Bloque 2 - Comedor | G56: 2.15 | H56: 5.1 | I56: =G56*H56 -> 10.965 | K56: 1 | L56: =I56*K56 -> 10.965
I57: TOTAL | L57: =ROUND(SUM(L54:L56),2) -> 63.61
B82: MUNICIPIO DE NEIVA - HUILA
B83: MEMORIAS DE CALCULO
B85: PRESUPUESTO DE OBRA PARA LA ADECUACIÓN Y MANTENIMIENTO DEL CENTRO DE DESARROLLO INFANTIL "BOSQUES DE SAN LUIS" UBICADO EN LA CIUDAD DE NEIVA
B86: ALCALDIA DE NEIVA - SECRETARIA DE LA MUJER, INFANCIA Y DESARROLLO SOCIAL
B87: ITEM | C87: 17.1 | D87: Sumi)nistro e instalación de nueva ceramica, incluye demolicion y retiro de ceramica existente y limpieza (con Junta perimetral 1 cm) y (Junta de dilatación cada 20 m² aprox.)
B88: DESCRIPCIÓN | E88: ILUSTRACIÓN | F88: ALTURA (m) | G88: ANCHO (m) | H88: LARGO (m) | I88: ÁREA a cubrir (m2) | J88: N° DE ELEMENTOS | K88: ÁREA TOTAL a cubrir (m2)
B89: Bloque 1 - Aula Prejardin C | G89: 4.15 | H89: 4.2 | I89: =G89*H89 -> 17.43 | J89: 1 | K89: =I89*J89 -> 17.43
B90: Bloque 1 -Sala Cunas Ludoteca | G90: 6.78 | H90: 4.38 | I90: =G90*H90 -> 29.6964 | J90: 1 | K90: =I90*J90 -> 29.6964
B91: Bloque 3 - Áula Maternal B | G91: 7.7 | H91: 7.95 | I91: =G91*H91 -> 61.215 | J91: 1 | K91: =I91*J91 -> 61.215
I92: TOTAL | K92: =ROUND(SUM(K89:K91),2) -> 108.34
B116: MUNICIPIO DE NEIVA - HUILA
B117: MEMORIAS DE CALCULO
B119: PRESUPUESTO DE OBRA PARA LA ADECUACIÓN Y MANTENIMIENTO DEL CENTRO DE DESARROLLO INFANTIL "BOSQUES DE SAN LUIS" UBICADO EN LA CIUDAD DE NEIVA
B120: ALCALDIA DE NEIVA - SECRETARIA DE LA MUJER, INFANCIA Y DESARROLLO SOCIAL
B121: ITEM | C121: 17.2 | D121: Suministro e instalación de Piso Vinílico Adhesivo en PVC
B122: DESCRIPCIÓN | E122: ILUSTRACIÓN | F122: ALTURA (m) | G122: ANCHO (m) | H122: LARGO (m) | I122: ÁREA a cubrir (m2) | J122: N° DE ELEMENTOS | K122: ÁREA TOTAL a cubrir (m2)
B123: Bloque 1 -Sala Cunas Ludoteca | G123: 6.78 | H123: 4.38 | I123: =G123*H123 -> 29.6964 | J123: 1 | K123: =I123*J123 -> 29.6964
I124: TOTAL | K124: =ROUND(SUM(K123:K123),2) -> 29.7
B150: MUNICIPIO DE NEIVA - HUILA
B151: MEMORIAS DE CALCULO
B153: PRESUPUESTO DE OBRA PARA LA ADECUACIÓN Y MANTENIMIENTO DEL CENTRO DE DESARROLLO INFANTIL "BOSQUES DE SAN LUIS" UBICADO EN LA CIUDAD DE NEIVA
B154: ALCALDIA DE NEIVA - SECRETARIA DE LA MUJER, INFANCIA Y DESARROLLO SOCIAL
B155: ITEM | C155: 18.1 | D155: Aseo General De La Obra
B156: DESCRIPCIÓN | E156: ILUSTRACIÓN | F156: ALTURA (m) | G156: ANCHO (m) | H156: LARGO (m) | I156: ÁREA a cubrir (m2) | J156: N° DE ELEMENTOS | K156: ÁREA TOTAL a cubrir (m2)
B157: Bloque 1 - Aula Prejardin C | G157: 4.15 | H157: 4.2 | I157: =G157*H157 -> 17.43 | J157: 1 | K157: =I157*J157 -> 17.43
B158: Bloque 1 -Sala Cunas Ludoteca | G158: 6.78 | H158: 4.38 | I158: =G158*H158 -> 29.6964 | J158: 1 | K158: =I158*J158 -> 29.6964
B159: Bloque 3 - Áula Maternal B | G159: 7.7 | H159: 7.95 | I159: =G159*H159 -> 61.215 | J159: 1 | K159: =I159*J159 -> 61.215
I160: TOTAL | K160: =ROUND(SUM(K157:K159),2) -> 108.34

Sheet CDI ORO NEGRO APUS
B1: Formulario 1 - Propuesta económica - Documento tipo de mínima cuantía de obra pública de infraestructura social
B2: Versión: 1 de 21 de agosto de 2025
S4: INDICAR CÓDIGO DEL ITEM DE PAGO
C5: [La entidad podrá utilizar este formato para la presentación de los análisis de Precios Unitarios del Contratista en la oportunidad prevista en el numeral 8.2. de la invitación]
D8: ALCALDIA DE NEIVA
L9: VERSIÓN
D10: [NÚMERO DEL PROCESO]
L11: PÁGINA | M11: 1 | N11: DE | O11: 14
D13: ANALISIS DE PRECIOS UNITARIOS
L15: FECHA | M15: DD | N15: MM | O15: AA
C17: ÍTEMS DE LA PROPUESTA ECONÓMICA | I17: ÍTEMS NO PREVISTOS
C21: DATOS ESPECÍFICOS
C23: ÍTEM | D23: DESCRIPCIÓN | M23: UNIDAD | O23: CANTIDAD
C24: 1.1 | D24: Retiro y limpieza de viga por desprendimiento por humedad existente | M24: M2 | O24: ='[23]PRESUPUESTO OFICIAL (Entidad)'!I14 -> 59.57
C25: I. EQUIPO
C28: DESCRIPCIÓN | H28: MARCA | J28: TIPO | L28: TARIFA/ DIA | M28: RENDIMIENTO | O28: Vr. UNITARIO
C29: ADH HIDROLAVADORA ELECTRICA UBERMANN 1800PSI 110V | L29: 51900 | M29: 0.05 | O29: =L29*M29 -> 2595
C30: HERRAMIENTA MENOR (5% M.O.) | L30: =O55*0.05 -> 97.770535 | M30: 1 | O30: =L30*M30 -> 97.770535
C32: SUBTOTAL $ | O32: =SUM(O29:O30) -> 2692.7705
C33: II. MATERIALES
C36: DESCRIPCIÓN | K36: UNIDAD | L36: CANTIDAD | M36: PRECIO UNIT. | O36: Vr. UNITARIO
C37: Escobilla Multiusos Vanyplas | K37: UND | L37: 0.0001 | M37: 11900 | O37: =L37*M37 -> 1.19
C38: Lija de Agua #80 | K38: UND | L38: 0.25 | M38: 2000 | O38: =L38*M38 -> 500
C39: SUBTOTAL $ | O39: =SUM(O37:O38) -> 501.19
C40: III. TRANSPORTES
C43: MATERIAL | J43: VOL. o PESO | K43: DISTANCIA | L43: M3 o Ton/Km | M43: TARIFA | O43: Vr. UNITARIO
C46: SUBTOTAL $
C47: IV. MANO DE OBRA
C50: TRABAJADOR | I50: CANTIDAD | J50: JORNAL | K50: PRESTACIONES | L50: JORNAL TOTAL | M50: RENDIMIENTO | O50: Vr. UNITARIO
C51: Ayudante | I51: 1 | J51: 58363.5 | K51: =J51*67.52% -> 39407.035 | L51: =J51+K51 -> 97770.535 | M51: 0.02 | O51: =L51*M51 -> 1955.4107
C55: SUBTOTAL $ | O55: =SUM(O51) -> 1955.4107
C57: TOTAL COSTO DIRECTO $ | O57: =SUM(O32+O39+O46+O55) -> 5149.3712
C58: V. COSTOS INDIRECTOS
C61: Descripción | L61: Porcentaje | M61: Valor Total
C62: ADMINISTRACION | L62: 0.22 | O62: =O57*L62 -> 1132.8617 | R62: =O57*27% -> 1390.3302
C63: IMPREVISTOS | L63: 0.01 | O63: =O57*L63 -> 51.493712 | R63: =R62+O57 -> 6539.7015
C64: UTILIDAD | L64: 0.03 | O64: =O57*L64 -> 154.48114
C65: SUBTOTAL $ | O65: =O62+O63+O64 -> 1338.8365
C67: Precio Unitario Total Aproximado al peso $ | O67: =ROUND(O57+O65,0) -> 6488
H71: Firma
H72: Nombre:
H73: Representante Legal del Contratista o su Apoderado
H74: Matricula No. :
C76: OBSERVACIONES INTERVENTORÍA O SUPERVISIÓN
C80: APROBACIÓN POR INTERVENTORÍA O SUPERVISIÓN
C81: Nota 1: Cuando se trate de Análisis de precios unitarios correspondientes a ítems de la propuesta económica aprobada, el interventor o supervisor aprueba el desglose de los componentes manteniendo el mismo precio unitario de cada ítem, cumpliendo con las especificaciones de construcción vigentes para el proyecto.
C83: Nota 2: Cuando se trate de Análisis de precios unitarios de ítems no previstos, el interventor o supervisor aprueba el desglose y precio unitario de cada ítem no previsto, exigiendo la aplicación de los costos correspondientes a insumos y tarifas de la propuesta económica inicial cuando estén contemplados, cumpliendo con las especificaciones de construcción vigente para el proyecto.
H86: Firma
H87: Nombre:
H88: Representante Legal del Interventor o su apoderado o firma del supervisor
H89: Matricula No. :
B95: Formulario 1 - Propuesta económica - Documento tipo de mínima cuantía de obra pública de infraestructura social
B96: Versión: 1 de 21 de agosto de 2025
C99: [La entidad podrá utilizar este formato para la presentación de los análisis de Precios Unitarios del Contratista en la oportunidad prevista en el numeral 8.2. de la invitación]
D102: ALCALDIA DE NEIVA
L103: VERSIÓN
D104: [NÚMERO DEL PROCESO]
L105: PÁGINA | M105: 1 | N105: DE | O105: 1
D107: ANALISIS DE PRECIOS UNITARIOS
L109: FECHA | M109: DD | N109: MM | O109: AA
C111: ÍTEMS DE LA PROPUESTA ECONÓMICA | I111: ÍTEMS NO PREVISTOS
C115: DATOS ESPECÍFICOS
C117: ÍTEM | D117: DESCRIPCIÓN | M117: UNIDAD | O117: CANTIDAD
C118: 1.2 | D118: Suministro y aplicación de mortero de reparación para relleno para muros en mampostería en áreas afectadas. | M118: GLB | O118: ='[23]PRESUPUESTO OFICIAL (Entidad)'!I15 -> 1
C119: I. EQUIPO
C122: DESCRIPCIÓN | H122: MARCA | J122: TIPO | L122: TARIFA/ DIA | M122: RENDIMIENTO | O122: Vr. UNITARIO
C123: HERRAMIENTA MENOR (5% M.O.) | L123: =O149*0.05 -> 635.50848 | M123: 1 | O123: =L123*M123 -> 635.50848
C126: SUBTOTAL $ | O126: =SUM(O123:O124) -> 635.50848 | S126: 10 kg | T126: 3.2m2
C127: II. MATERIALES | S127: =10/3.2 -> 3.125 | T127: 1
C130: DESCRIPCIÓN | J130: DESPERDICIO | K130: UNIDAD | L130: CANTIDAD | M130: PRECIO UNIT. | O130: Vr. UNITARIO
C131: Mortero Reparacion Gris 10 Kg Corona | J131: 0.1 | K131: KG | L131: =S127 -> 3.125 | M131: =T132*J131+T132 -> 5599 | O131: =L131*M131 -> 17496.875 | S131: 10kg | T131: 50900
S132: 1 | T132: =T131/10 -> 5090
C133: SUBTOTAL $ | O133: =SUM(O131) -> 17496.875
C134: III. TRANSPORTES
C137: MATERIAL | J137: VOL. o PESO | K137: DISTANCIA | L137: M3 o Ton/Km | M137: TARIFA | O137: Vr. UNITARIO
C140: SUBTOTAL $
C141: IV. MANO DE OBRA
C144: TRABAJADOR | I144: CANTIDAD | J144: JORNAL | K144: PRESTACIONES | L144: JORNAL TOTAL | M144: RENDIMIENTO | O144: Vr. UNITARIO
C145: Ayudante | I145: 1 | J145: 58363.5 | K145: =J145*67.52% -> 39407.035 | L145: =J145+K145 -> 97770.535 | M145: 0.13 | O145: =L145*M145 -> 12710.17
C149: SUBTOTAL $ | O149: =SUM(O145) -> 12710.17
C151: TOTAL COSTO DIRECTO $ | O151: =SUM(O126+O133+O140+O149) -> 30842.553
C152: V. COSTOS INDIRECTOS
C155: Descripción | L155: Porcentaje | M155: Valor Total
C156: ADMINISTRACION | L156: 0.22 | O156: =O151*L156 -> 6785.3617
C157: IMPREVISTOS | L157: 0.01 | O157: =O151*L157 -> 308.42553
C158: UTILIDAD | L158: 0.03 | O158: =O151*L158 -> 925.27659
C159: SUBTOTAL $ | O159: =SUM(O156:O158) -> 8019.0638
C161: Precio Unitario Total Aproximado al peso $ | O161: =ROUND(O151+O159,0) -> 38862
H165: Firma
H166: Nombre:
H167: Representante Legal del Contratista o su Apoderado
H168: Matricula No. :
C170: OBSERVACIONES INTERVENTORÍA O SUPERVISIÓN
C174: APROBACIÓN POR INTERVENTORÍA O SUPERVISIÓN
C175: Nota 1: Cuando se trate de Análisis de precios unitarios correspondientes a ítems de la propuesta económica aprobada, el interventor o supervisor aprueba el desglose de los componentes manteniendo el mismo precio unitario de cada ítem, cumpliendo con las especificaciones de construcción vigentes para el proyecto.
C177: Nota 2: Cuando se trate de Análisis de precios unitarios de ítems no previstos, el interventor o supervisor aprueba el desglose y precio unitario de cada ítem no previsto, exigiendo la aplicación de los costos correspondientes a insumos y tarifas de la propuesta económica inicial cuando estén contemplados, cumpliendo con las especificaciones de construcción vigente para el proyecto.
H180: Firma
H181: Nombre:
H182: Representante Legal del Interventor o su apoderado o firma del supervisor
H183: Matricula No. :
...

Sheet CDI BOSQUES APUS
B1: Formulario 1 - Propuesta económica - Documento tipo de mínima cuantía de obra pública de infraestructura social
B2: Versión: 1 de 21 de agosto de 2025
C5: [La entidad podrá utilizar este formato para la presentación de los análisis de Precios Unitarios del Contratista en la oportunidad prevista en el numeral 8.2. de la invitación]
D8: ALCALDIA DE NEIVA
L9: VERSIÓN
D10: [NÚMERO DEL PROCESO]
L11: PÁGINA | M11: 1 | N11: DE | O11: 1
D13: ANALISIS DE PRECIOS UNITARIOS
L15: FECHA | M15: DD | N15: MM | O15: AA
C17: ÍTEMS DE LA PROPUESTA ECONÓMICA | I17: ÍTEMS NO PREVISTOS
C21: DATOS ESPECÍFICOS
C23: ÍTEM | D23: DESCRIPCIÓN | M23: UNIDAD | O23: CANTIDAD
C24: 15.1 | D24: Instalación de sistema de remate perimetral con puesto flanche metálico en lámina galvanizada debidamente empotrada y sellada (contiene cinta sellante en la interfaz cubierta muro) | M24: ml | O24: ='[22]PRESUPUESTO OFICIAL (Entidad)'!I14 -> 217.5
C25: I. EQUIPO
C28: DESCRIPCIÓN | H28: MARCA | J28: TIPO | L28: TARIFA/DIA | M28: RENDIMIENTO | O28: Vr. UNITARIO
C29: HERRAMIENTA MENOR (5% M.O.) | J29: GLB | L29: =O59*0.05 -> 806.84684 | M29: 1 | O29: =L29*M29 -> 806.84684
C30: Remachadora | J30: DIA | L30: 80000 | M30: 0.05 | O30: =L30*M30 -> 4000
C31: SECCION DE ANDAMIO CERTIFICADO DE 2 X 2 METROS | J31: DIA | L31: 17000 | M31: 0.05 | O31: =L31*M31 -> 850
C32: SUBTOTAL $ | O32: =SUM(O29:O31) -> 5656.8468
C33: II. MATERIALES
C36: DESCRIPCIÓN | K36: UNIDAD | L36: CANTIDAD | M36: PRECIO UNIT. | O36: Vr. UNITARIO
C37: Flanche 25.4 x 2.44cm 0.43 mm | K37: m | L37: 1.05 | M37: =32900/2.44 -> 13483.607 | O37: =L37*M37 -> 14157.787
C38: Sikaflex-1A plus purform gris 300 ml | K38: ml (mililitro) | L38: 28 | M38: =58900/300 -> 196.33333 | O38: =L38*M38 -> 5497.3333
C39: Multiseal 10 cm x 10 m | K39: m | L39: 1 | M39: =122900/10 -> 12290 | O39: =L39*M39 -> 12290
C40: Remache POP m 6.4 x 15 5U | K40: UND | L40: 1 | M40: 5100 | O40: =L40*M40 -> 5100
C41: Tornillo Estructura Metal Autoperforante 12x21/2" x 20 | K41: UND | L41: =1/2.44 -> 0.40983607 | M41: 1495 | O41: =L41*M41 -> 612.70492
C43: SUBTOTAL $ | O43: =SUM(O37:O41) -> 37657.825
C44: III. TRANSPORTES
C47: MATERIAL | J47: VOL. o PESO | K47: DISTANCIA | L47: M3 o Ton/Km | M47: TARIFA | O47: Vr. UNITARIO
C50: SUBTOTAL $
C51: IV. MANO DE OBRA
C54: TRABAJADOR | I54: CANTIDAD | J54: JORNAL | K54: PRESTACIONES | L54: JORNAL TOTAL | M54: RENDIMIENTO | O54: Vr. UNITARIO
C55: Ayudante | I55: 2 | J55: 58363.5 | K55: =J55*67.52% -> 39407.035 | L55: =J55+K55 -> 97770.535 | M55: 0.05 | O55: =I55*L55*M55 -> 9777.0535
C56: Oficial | I56: 1 | J56: 76666.667 | K56: =J56*65.91% -> 50531 | L56: =J56+K56 -> 127197.67 | M56: 0.05 | O56: =I56*L56*M56 -> 6359.8833
C59: SUBTOTAL $ | O59: =SUM(O55:O56) -> 16136.937
C61: TOTAL COSTO DIRECTO $ | O61: =SUM(O32+O43+O50+O59) -> 59451.609
C62: V. COSTOS INDIRECTOS
C65: Descripción | L65: Porcentaje | M65: Valor Total
C66: ADMINISTRACION | L66: 0.22 | O66: =O61*L66 -> 13079.354
C67: IMPREVISTOS | L67: 0.01 | O67: =O61*L67 -> 594.51609
C68: UTILIDAD | L68: 0.03 | O68: =O61*L68 -> 1783.5483
C69: SUBTOTAL $ | O69: =SUM(O66:O68) -> 15457.418
C71: Precio Unitario Total Aproximado al peso $ | O71: =ROUND(O61+O69,0) -> 74909
H75: Firma
H76: Nombre:
H77: Representante Legal del Contratista o su Apoderado
H78: Matricula No. :
C80: OBSERVACIONES INTERVENTORÍA O SUPERVISIÓN
C84: APROBACIÓN POR INTERVENTORÍA O SUPERVISIÓN
C85: Nota 1: Cuando se trate de Análisis de precios unitarios correspondientes a ítems de la propuesta económica aprobada, el interventor o supervisor aprueba el desglose de los componentes manteniendo el mismo precio unitario de cada ítem, cumpliendo con las especificaciones de construcción vigentes para el proyecto.
C87: Nota 2: Cuando se trate de Análisis de precios unitarios de ítems no previstos, el interventor o supervisor aprueba el desglose y precio unitario de cada ítem no previsto, exigiendo la aplicación de los costos correspondientes a insumos y tarifas de la propuesta económica inicial cuando estén contemplados, cumpliendo con las especificaciones de construcción vigente para el proyecto.
H90: Firma
H91: Nombre:
H92: Representante Legal del Interventor o su apoderado o firma del supervisor
H93: Matricula No. :
B99: Formulario 1 - Propuesta económica - Documento tipo de mínima cuantía de obra pública de infraestructura social
B100: Versión: 1 de 21 de agosto de 2025
C103: [La entidad podrá utilizar este formato para la presentación de los análisis de Precios Unitarios del Contratista en la oportunidad prevista en el numeral 8.2. de la invitación]
D106: ALCALDIA DE NEIVA
L107: VERSIÓN
D108: [NÚMERO DEL PROCESO]
L109: PÁGINA | M109: 1 | N109: DE | O109: 1
D111: ANALISIS DE PRECIOS UNITARIOS
L113: FECHA | M113: DD | N113: MM | O113: AA
C115: ÍTEMS DE LA PROPUESTA ECONÓMICA | I115: ÍTEMS NO PREVISTOS
C119: DATOS ESPECÍFICOS
C121: ÍTEM | D121: DESCRIPCIÓN | M121: UNIDAD | O121: CANTIDAD
C122: 16.1 | D122: ='PRESUPUESTO OFICIAL (Entidad)'!G87 -> Impermeabilización con Sika Emulsión Asfáltica para cubierta en concreto | M122: m2 | O122: ='[22]PRESUPUESTO OFICIAL (Entidad)'!I17 -> 63.61
C123: I. EQUIPO
C126: DESCRIPCIÓN | H126: MARCA | J126: TIPO | L126: TARIFA/DIA | M126: RENDIMIENTO | O126: Vr. UNITARIO
C127: HERRAMIENTA MENOR (5% M.O.) | J127: GLB | L127: =O156*0.05 -> 806.84684 | M127: 0.07 | O127: =L127*M127 -> 56.479279
C128: SECCION DE ANDAMIO CERTIFICADO DE 2 X 2 METROS | J128: DIA | L128: 17000 | M128: 0.05 | O128: =L128*M128 -> 850
C129: SUBTOTAL $ | O129: =SUM(O127:O128) -> 906.47928
C130: II. MATERIALES
C133: DESCRIPCIÓN | J133: DESPERDICIO | K133: UNIDAD | L133: CANTIDAD | M133: PRECIO UNIT. | O133: Vr. UNITARIO
C134: Sika Emulsión Asfáltica Impermeabilizante para cubierta 18kg 5 Galones | J134: 0.1 | K134: KG | L134: =T136*1.1 -> 0.10083333 | M134: =X140 -> 11050 | O134: =L134*M134 -> 1114.2083 | W134: 1 CANECA | X134: 198900 | Y134: UND
C135: Rodillo 9 Pulgadas Profesional Felpa Acrílica | K135: UND | L135: 0.007 | M135: 15900 | O135: =L135*M135 -> 111.3 | S135: 18 | T135: 1.65
S136: 1 | T136: =T135/S135 -> 0.091666667
W139: 18kg | X139: =X134 -> 198900 | Y139: UND
C140: SUBTOTAL $ | O140: =SUM(O134:O138) -> 1225.5083 | W140: 1 | X140: =X139/18 -> 11050 | Y140: KG
C141: III. TRANSPORTES
C144: MATERIAL | J144: VOL. o PESO | K144: DISTANCIA | L144: M3 o Ton/Km | M144: TARIFA | O144: Vr. UNITARIO
C147: SUBTOTAL $
C148: IV. MANO DE OBRA
C151: TRABAJADOR | I151: CANTIDAD | J151: JORNAL | K151: PRESTACIONES | L151: JORNAL TOTAL | M151: RENDIMIENTO | O151: Vr. UNITARIO
C152: Ayudante | I152: 2 | J152: 58363.5 | K152: =J152*67.52% -> 39407.035 | L152: =J152+K152 -> 97770.535 | M152: 0.05 | O152: =I152*L152*M152 -> 9777.0535
C153: Oficial | I153: 1 | J153: 76666.667 | K153: =J153*65.91% -> 50531 | L153: =J153+K153 -> 127197.67 | M153: 0.05 | O153: =I153*L153*M153 -> 6359.8833
C156: SUBTOTAL $ | O156: =SUM(O152:O153) -> 16136.937
C158: TOTAL COSTO DIRECTO $ | O158: =SUM(O129+O140+O147+O156) -> 18268.924
C159: V. COSTOS INDIRECTOS
C162: Descripción | L162: Porcentaje | M162: Valor Total
C163: ADMINISTRACION | L163: 0.22 | O163: =O158*L163 -> 4019.1634
C164: IMPREVISTOS | L164: 0.01 | O164: =O158*L164 -> 182.68924
C165: UTILIDAD | L165: 0.03 | O165: =O158*L165 -> 548.06773
C166: SUBTOTAL $ | O166: =SUM(O163:O165) -> 4749.9204
C168: Precio Unitario Total Aproximado al peso $ | O168: =ROUND(O158+O166,0) -> 23019
H172: Firma
H173: Nombre:
H174: Representante Legal del Contratista o su Apoderado
H175: Matricula No. :
...

Sheet CDI SONRISAS APUS
B1: Formulario 1 - Propuesta económica - Documento tipo de mínima cuantía de obra pública de infraestructura social
B2: Versión: 1 de 21 de agosto de 2025
C5: [La entidad podrá utilizar este formato para la presentación de los análisis de Precios Unitarios del Contratista en la oportunidad prevista en el numeral 8.2. de la invitación]
D8: ALCALDIA DE NEIVA
L9: VERSIÓN
D10: [NÚMERO DEL PROCESO]
L11: PÁGINA | M11: 1 | N11: DE | O11: 1
D13: ANALISIS DE PRECIOS UNITARIOS
L15: FECHA | M15: DD | N15: MM | O15: AA
C17: ÍTEMS DE LA PROPUESTA ECONÓMICA | I17: ÍTEMS NO PREVISTOS
C21: DATOS ESPECÍFICOS
C23: ÍTEM | D23: DESCRIPCIÓN | M23: UNIDAD | O23: CANTIDAD
C24: 19 | D24: Suministro e Instalación de Acometida en cable de cobre aislado No. 3 2/0 + 1 x 2/0 + 1 x 4T | M24: ml | O24: ='[117]PRESUPUESTO OFICIAL (Entidad)'!I13 -> 16
C25: I. EQUIPO
C28: DESCRIPCIÓN | H28: MARCA | J28: TIPO | L28: TARIFA/DIA | M28: RENDIMIENTO | O28: Vr. UNITARIO
C29: HERRAMIENTA MENOR (5% M.O.) | J29: GLB | L29: =O69*0.05 -> 562.4205 | M29: 1 | O29: =L29*M29 -> 562.4205
C32: SUBTOTAL $ | O32: =O29 -> 562.4205
C33: II. MATERIALES
C36: DESCRIPCIÓN | K36: UNIDAD | L36: CANTIDAD | M36: PRECIO UNIT. | O36: Vr. UNITARIO
C37: cable de cobre aislado No. 3 2/0 + 1 x 2/0 + 1 x 4T | K37: UND | L37: =16/16 -> 1 | M37: 285600 | O37: =L37*M37 -> 285600
C38: Terminal de cobre estañado 2/0 | K38: UND | L38: =10/16 -> 0.625 | M38: 8300 | O38: =L38*M38 -> 5187.5
C39: tornillos con tuerca y arandela de 3/8 2" | K39: UND | L39: =20/16 -> 1.25 | M39: 4800 | O39: =L39*M39 -> 6000
C40: canalizacion de nueva ducteria para acometida principal y de salida | K40: UND | L40: 1 | M40: 69800 | O40: =L40*M40 -> 69800
C41: abrazadera uniestrut de 2" | K41: UND | L41: 1 | M41: 6700 | O41: =L41*M41 -> 6700
C42: terminal de barril # 2/0 | K42: UND | L42: =5/16 -> 0.3125 | M42: 16800 | O42: =L42*M42 -> 5250
C43: Cinta aislante de colores (amarillo) | K43: UND | L43: =1/16 -> 0.0625 | M43: 3700 | O43: =L43*M43 -> 231.25
C44: Cinta aislante de colores ( azul) | K44: UND | L44: =1/16 -> 0.0625 | M44: 3700 | O44: =L44*M44 -> 231.25
C45: Cinta aislante de colores ( rojo) | K45: UND | L45: =1/16 -> 0.0625 | M45: 3700 | O45: =L45*M45 -> 231.25
C46: Cinta aislante de colores ( negro) | K46: UND | L46: =1/16 -> 0.0625 | M46: 3700 | O46: =L46*M46 -> 231.25
C47: Cinta aislante de colores (naranja) | K47: UND | L47: =1/16 -> 0.0625 | M47: 4700 | O47: =L47*M47 -> 293.75
C48: Cinta aislante de colores ( café) | K48: UND | L48: =1/16 -> 0.0625 | M48: 4700 | O48: =L48*M48 -> 293.75
C49: Cinta aislante de colores ( blanca ) | K49: UND | L49: =1/16 -> 0.0625 | M49: 3700 | O49: =L49*M49 -> 231.25
C50: Cinta aislante de colores ( verde ) | K50: UND | L50: =1/16 -> 0.0625 | M50: 3700 | O50: =L50*M50 -> 231.25
C51: cinta autofundente super scoot 33 | K51: UND | L51: =2/16 -> 0.125 | M51: 85000 | O51: =L51*M51 -> 10625
C53: SUBTOTAL $ | O53: =SUM(O37:O51) -> 391137.5
C54: III. TRANSPORTES
C57: MATERIAL | J57: VOL. o PESO | K57: DISTANCIA | L57: M3 o Ton/Km | M57: TARIFA | O57: Vr. UNITARIO
C58: camioneta | J58: 1 | K58: 1 | L58: 1 | M58: 10000 | O58: =M58*L58 -> 10000
C60: SUBTOTAL $ | O60: =SUM(O58) -> 10000
C61: IV. MANO DE OBRA
C64: TRABAJADOR | I64: CANTIDAD | J64: JORNAL | K64: PRESTACIONES | L64: JORNAL TOTAL | M64: RENDIMIENTO | O64: Vr. UNITARIO
C65: Tecnico electricista | I65: 1 | J65: 76666.667 | K65: =J65*65.91% -> 50531 | L65: =J65+K65 -> 127197.67 | M65: 0.05 | O65: =I65*L65*M65 -> 6359.8833
C66: Auxiliar electrico | I66: 1 | J66: 58363.5 | K66: =J66*67.52% -> 39407.035 | L66: =J66+K66 -> 97770.535 | M66: 0.05 | O66: =I66*L66*M66 -> 4888.5268
C69: SUBTOTAL $ | O69: =SUM(O65:O66) -> 11248.41
C71: TOTAL COSTO DIRECTO $ | O71: =SUM(O32+O53+O60+O69) -> 412948.33
C72: V. COSTOS INDIRECTOS
C75: Descripción | L75: Porcentaje | M75: Valor Total
C76: ADMINISTRACION | L76: 0.22 | O76: =O71*L76 -> 90848.633
C77: IMPREVISTOS | L77: 0.01 | O77: =O71*L77 -> 4129.4833
C78: UTILIDAD | L78: 0.03 | O78: =O71*L78 -> 12388.45
C79: SUBTOTAL $ | O79: =SUM(O76:O78) -> 107366.57
C81: Precio Unitario Total Aproximado al peso $ | O81: =ROUND(O71+O79,0) -> 520315
H85: Firma
H86: Nombre:
H87: Representante Legal del Contratista o su Apoderado
H88: Matricula No. :
C90: OBSERVACIONES INTERVENTORÍA O SUPERVISIÓN
C94: APROBACIÓN POR INTERVENTORÍA O SUPERVISIÓN
C95: Nota 1: Cuando se trate de Análisis de precios unitarios correspondientes a ítems de la propuesta económica aprobada, el interventor o supervisor aprueba el desglose de los componentes manteniendo el mismo precio unitario de cada ítem, cumpliendo con las especificaciones de construcción vigentes para el proyecto.
C97: Nota 2: Cuando se trate de Análisis de precios unitarios de ítems no previstos, el interventor o supervisor aprueba el desglose y precio unitario de cada ítem no previsto, exigiendo la aplicación de los costos correspondientes a insumos y tarifas de la propuesta económica inicial cuando estén contemplados, cumpliendo con las especificaciones de construcción vigente para el proyecto.
H100: Firma
H101: Nombre:
H102: Representante Legal del Interventor o su apoderado o firma del supervisor
H103: Matricula No. :
B109: Formulario 1 - Propuesta económica - Documento tipo de mínima cuantía de obra pública de infraestructura social
B110: Versión: 1 de 21 de agosto de 2025
C113: [La entidad podrá utilizar este formato para la presentación de los análisis de Precios Unitarios del Contratista en la oportunidad prevista en el numeral 8.2. de la invitación]
D116: ALCALDIA DE NEIVA
L117: VERSIÓN
D118: [NÚMERO DEL PROCESO]
L119: PÁGINA | M119: 1 | N119: DE | O119: 1
D121: ANALISIS DE PRECIOS UNITARIOS
L123: FECHA | M123: DD | N123: MM | O123: AA
C125: ÍTEMS DE LA PROPUESTA ECONÓMICA | I125: ÍTEMS NO PREVISTOS
C129: DATOS ESPECÍFICOS
C131: ÍTEM | D131: DESCRIPCIÓN | M131: UNIDAD | O131: CANTIDAD
C132: 20 | D132: Suministro e Instalación de Gabinete de Medida SEMIDIRECTA, 3 compartimientos (200 X 60 X 35)CM ( el gabinete incluye barrajes en platina de cobre de 200amp bornera de equipo de medida, espacio para totalizador chapas de seguridad vidrio bisor para medidor y protecciones electricas.) | M132: UND | O132: ='[117]PRESUPUESTO OFICIAL (Entidad)'!I14 -> 1
C133: I. EQUIPO
C136: DESCRIPCIÓN | H136: MARCA | J136: TIPO | L136: TARIFA/DIA | M136: RENDIMIENTO | O136: Vr. UNITARIO
C137: HERRAMIENTA MENOR (5% M.O.) | J137: GLB | L137: =O177*0.05 -> 11248.41 | M137: 1 | O137: =L137*M137 -> 11248.41
C140: SUBTOTAL $ | O140: =O137 -> 11248.41
C141: II. MATERIALES
C144: DESCRIPCIÓN | K144: UNIDAD | L144: CANTIDAD | M144: PRECIO UNIT. | O144: Vr. UNITARIO
C145: Gabinete de Medida SEMIDIRECTA, 3 compartimientos (200 X 60 X 35)CM | K145: UND | L145: 1 | M145: 4300000 | O145: =L145*M145 -> 4300000
C146: base en concreto para gabinete | K146: UND | L146: 1 | M146: 142000 | O146: =L146*M146 -> 142000
C147: chazos metalicos de 3/4 | K147: UND | L147: 10 | M147: 8900 | O147: =L147*M147 -> 89000
C148: adecivos de riesgo electrico | K148: GLB | L148: 1 | M148: 89200 | O148: =L148*M148 -> 89200
C161: SUBTOTAL $ | O161: =SUM(O145:O159) -> 4620200
C162: III. TRANSPORTES
C165: MATERIAL | J165: VOL. o PESO | K165: DISTANCIA | L165: M3 o Ton/Km | M165: TARIFA | O165: Vr. UNITARIO
C166: Camioneta | J166: 1 | K166: 1 | L166: 1 | M166: 100000 | O166: =M166*L166 -> 100000
C168: SUBTOTAL $ | O168: =SUM(O166) -> 100000
C169: IV. MANO DE OBRA
C172: TRABAJADOR | I172: CANTIDAD | J172: JORNAL | K172: PRESTACIONES | L172: JORNAL TOTAL | M172: RENDIMIENTO | O172: Vr. UNITARIO
C173: Tecnico electricista | I173: 1 | J173: 76666.667 | K173: =J173*65.91% -> 50531 | L173: =J173+K173 -> 127197.67 | M173: 1 | O173: =I173*L173*M173 -> 127197.67
C174: Auxiliar electrico | I174: 1 | J174: 58363.5 | K174: =J174*67.52% -> 39407.035 | L174: =J174+K174 -> 97770.535 | M174: 1 | O174: =I174*L174*M174 -> 97770.535
C177: SUBTOTAL $ | O177: =SUM(O173:O174) -> 224968.2
C179: TOTAL COSTO DIRECTO $ | O179: =SUM(O140+O161+O168+O177) -> 4956416.6
C180: V. COSTOS INDIRECTOS
C183: Descripción | L183: Porcentaje | M183: Valor Total
...
